 Dungeon Crawl Stone Soup version 0.30.0-18-gc0e69614cb (webtiles) character file.

Game seed: 3192895900892884327

67 Peloso the Covered (level 4, -5/40 HPs)
             Began as a Minotaur Fighter on May 25, 2023.
             Slain by an orc priest
             ... wielding a +0 flail
              (6 damage)
             ... on level 3 of the Dungeon.
             The game lasted 00:02:37 (1626 turns).

Peloso the Covered (Minotaur Fighter)               Turns: 1626, Time: 00:02:39

Health: -5/40      AC:  9    Str: 21    XL:     4   Next: 0%
Magic:  3/3        EV:  8    Int:  5    God:
Gold:   85         SH:  4    Dex: 11    Spells: 3/3 levels left

rFire   . . .        a - +0 long sword
rCold   . . .        d - +0 buckler
rNeg    . . .        q - +0 chain mail
rPois   .            (helmet restricted)
rElec   .            (no cloak)
rCorr   .            (no gloves)
SInv    .            (no boots)
Will    .....        (no amulet) Stlth
                     (no ring)
HPRegen 0.26/turn    (no ring)
MPRegen 0.08/turn

%: no passive effects
@: no status effects
A: horns 2, retaliatory headbutt
a: no special abilities


You were on level 3 of the Dungeon.
You visited 1 branch of the dungeon, and saw 3 of its levels.

You collected 85 gold pieces.

Inventory:

Hand Weapons
 a - a +0 long sword (weapon)
Armour
 b - a +0 scale mail
 c - a +0 cloak
 d - a +0 buckler (worn)
 q - a +0 chain mail (worn)
Scrolls
 e - a scroll of fear {unknown}
 g - a scroll of brand weapon {unknown}
 i - a scroll of vulnerability {unknown}
 j - a scroll of teleportation
 m - a scroll of noise {unknown}
 n - a scroll of silence {unknown}
 p - a scroll of fog {unknown}
Potions
 f - a potion of haste
 h - a potion of might
 k - a potion of magic
 l - a potion of resistance {unknown}
 o - 2 potions of curing
 r - a potion of berserk rage


   Skills:
 + Level 4.0 Fighting
 + Level 3.5 Long Blades
 + Level 4.4 Armour
 + Level 1.0 Dodging
 + Level 4.0 Shields


You had 3 spell levels left.
You didn't know any spells.
Your spell library contained the following spells:

 Spells                   Type           Power      Damage    Failure   Level
 Ozocubu's Armour         Ice            0%         N/A       100%        3
 Metabolic Englaciation   Hex/Ice        0%         N/A       100%        5
 Simulacrum               Ice/Necr       0%         N/A       100%        6


Dungeon Overview and Level Annotations

Branches:
Dungeon (3/15)

Altars:
Cheibriados

Shops:
D:1 [


Innate Abilities, Weirdness & Mutations

You have a pair of horns on your head.
You reflexively headbutt those who attack you in melee.


Message History

The orc is severely wounded.
The orc priest looks braver for a moment.
You block the orc's attack. The orc hits you with a +0 mace.
You slash the orc!
You kill the orc!
The orc throws a boomerang.
The boomerang hits you but does no damage.
You block the orc's attack.
Things that are here:
a +0 mace; an orc corpse You hit the orc.
The orc is almost dead.
The orc hits you with a +0 flail.
You barely miss the orc.
The orc is almost dead.
The orc closely misses you.
You barely miss the orc. Your headbutt misses the orc.
The orc is almost dead.
You block the orc's attack. The orc hits you but does no damage.
The orc priest miscasts a cantrip.
You barely miss the orc.
The orc is almost dead.
The orc hits you with a +0 flail.
You barely miss the orc.
The orc is almost dead.
You block the orc's attack.
The orc priest calls down the wrath of Beogh upon you.
Beogh smites you!
You hit the orc.
You kill the orc!
You have reached level 4!
You feel stronger.
You hit the orc priest.
The orc priest is lightly wounded.
The orc priest mumbles some strange prayers to Beogh against you.
Beogh smites you!
* * * LOW HITPOINT WARNING * * *
The orc priest barely misses you.
The orc priest hits you with a +0 flail.
You die...

.....#
#...........#
.#####
#.#####.##.##
.## #.##.##
..# #.#...#
..# #.#.###
..# #.#.# .##
#.#.#
.#######. ##
#.#.#
...........
#@#
.#######.#
#o#
.........#
#o#
.....)####
#.# ......#
#o# ).....#
#.# †.....#
#.# .######
#.# .#


You could see 2 orc priests and an orc.

Vanquished Creatures
  2 adders (D:3)
  2 dart slugs (D:2)
  2 orcs (D:3)
  3 ball pythons
  5 endoplasms
  A giant cockroach (D:2)
  5 goblins
  7 hobgoblins
  A quokka (D:3)
  4 bats
  3 frilled lizards
  4 kobolds
  2 rats (D:2)
41 creatures vanquished.

Notes
Turn   | Place    | Note
-------+----------+-------------------------------------------
     0 | D:1      | Peloso the Minotaur Fighter began the quest for the Orb.
     0 | D:1      | Reached XP level 1. HP: 19/19 MP: 0/0
   479 | D:1      | Reached XP level 2. HP: 26/27 MP: 1/1
   617 | D:1      | Found Biocojai's Antique Armour Shoppe.
  1090 | D:2      | Reached XP level 3. HP: 33/33 MP: 2/2
  1425 | D:3      | Found a snail-covered altar of Cheibriados.
  1442 | D:3      | Reached skill level 1 in Dodging
  1626 | D:3      | Reached XP level 4. HP: 16/40 MP: 3/3
  1626 | D:3      | HP: 1/40 [orc priest/divine providence (15)]
  1626 | D:3      | Slain by an orc priest

Illustrated notes

Levels and vault maps discovered:
D:1:      dpeg_arrival_morbid_curiosity, layout_basic, serial_shops,
          nicolae_shop_window_shopping
D:2:      layout_rooms, st_stairs_14
D:3:      layout_basic, grunt_temple_overflow_open, uniq_grinder

Skill      XL: |  1  2  3 |
---------------+----------+-----
Armour         | 4 |  4.4
Fighting       | 4 |  4.0
Long Blades    | 3 |  3.5
Dodging        | 1 |  1.0
Shields        | 4 |  4.0

Action                     |  1- 3 |  4- 6 || total
---------------------------+-------+-------++-------
  Melee: Long sword        |   104 |     1 ||   105
         Headbutt          |     6 |       ||     6
    Use: Potion            |     4 |       ||     4
         Scroll            |     1 |       ||     1
 Armour: Scale mail        |    39 |       ||    39
         Chain mail        |    22 |       ||    22
  Dodge: Dodged            |    51 |     1 ||    52
  Block: Buckler           |    27 |       ||    27
